 Dungeon Crawl Stone Soup version 0.22.1-2-g9c5b331383 (webtiles) character file.

6574 Knicklaso the Grappler (level 10, -6/100 HPs)
             Began as a Troll Warper on Dec 8, 2018.
             Mangled by a killer bee (10 damage)
             ... on level 9 of the Dungeon.
             The game lasted 00:22:24 (8951 turns).

Knicklaso the Grappler (Troll Warper)               Turns: 8951, Time: 00:22:24

Health: -6/100     AC:  8    Str: 21    XL:     10   Next: 70%
Magic:  10/10      EV: 10    Int: 12    God:
Gold:   259        SH:  0    Dex:  9    Spells: 9/11 levels left

rFire    + . .     SeeInvis .     - Unarmed
rCold    . . .     Gourm    +   (no shield)
rNeg     + . .     Faith    .   C - +2 robe {rN+}
rPois    +         Spirit   .   (helmet restricted)
rElec    .         Reflect  .   r - +0 cloak
rCorr    .         Harm     .   (gloves unavailable)
MR       .....                  (boots unavailable)
Stlth    +.........             (no amulet)
HPRegen  0.66/turn              g - ring of poison resistance
MPRegen  0.12/turn              a - ring of protection from fire

@: no status effects
A: large, unfitting armour, claws 3, fast metabolism 3, gourmand, regeneration
1, shaggy fur 1, tough skin 2
a: no special abilities


You were on level 9 of the Dungeon.
You were full.

You visited 2 branches of the dungeon, and saw 10 of its levels.

You collected 522 gold pieces.
You spent 263 gold pieces at shops.

Inventory:

Missiles
 b - 212 stones (quivered)
 d - 9 tomahawks of dispersal
 m - 99 arrows
 u - 4 throwing nets
Armour
 r - a +0 cloak (worn)
 C - a +2 robe of positive energy (worn)
Jewellery
 a - a ring of protection from fire (right claw)
 g - a ring of poison resistance (left claw)
 z - an uncursed ring of resist corrosion
 D - an uncursed ring of protection from fire
Wands
 y - a wand of disintegration (6)
 F - a wand of random effects (20)
Scrolls
 c - a scroll of blinking
 h - a scroll of immolation {unknown}
 i - 5 scrolls of magic mapping
 j - 3 scrolls of enchant weapon {unknown}
 l - 4 scrolls of remove curse
 n - 2 scrolls of summoning
 p - a scroll of random uselessness {unknown}
 q - a scroll of enchant armour {unknown}
 t - 6 scrolls of teleportation
 x - a scroll of fog {unknown}
 A - 2 scrolls of fear
Potions
 e - 4 potions of curing
 k - 3 potions of degeneration {unknown}
 o - a potion of invisibility {unknown}
 s - a potion of agility
 v - 3 potions of flight
 w - a potion of might {unknown}
 B - 3 potions of brilliance {unknown}
Comestibles
 f - 17 rations


   Skills:
 + Level 6.9 Fighting
 - Level 0.8 Throwing
 + Level 3.3 Dodging
 * Level 11.4 Unarmed Combat
 - Level 1.2 Spellcasting
 + Level 6.5 Translocations


You had 9 spell levels left.
You knew the following spells:

 Your Spells              Type           Power        Failure   Level  Hunger
a - Blink                 Tloc           N/A          3%          2    ###....

Your spell library contained the following spells:

 Spells                   Type           Power        Failure   Level  Hunger
 Gell's Gravitas          Tloc           ###.......   6%          3    ####...
 Lesser Beckoning         Tloc           ###.......   6%          3    ####...
 Teleport Other           Tloc           ###.....     6%          3    ####...
 Shroud of Golubria       Chrm/Tloc      #.........   12%         2    ###....
 Passage of Golubria      Tloc           N/A          21%         4    #####..
 Corona                   Hex            #......      30%         1    ##.....
 Ensorcelled Hibernation  Hex/Ice        #.....       41%         2    ###....
 Confuse                  Hex            #.......     65%         3    ####...
 Dazzling Spray           Conj/Hex       #.....       65%         3    ####...
 Tukima's Dance           Hex            #.......     65%         3    ####...


Dungeon Overview and Level Annotations

Branches:
Dungeon (9/15)             Temple (1/1) D:6            Lair (0/6) D:9
    Orc: D:9-12

Altars:
Ashenzari
Cheibriados
Dithmenos
Elyvilon
Fedhas
Gozag
Hepliaklqana
Kikubaaqudgha
Makhleb
Nemelex Xobeh
Okawaru
Qazlal
Ru
Sif Muna
Trog
Uskayaw
Vehumet
Wu Jian
Xom
Yredelemnul
Zin
The Shining One

Shops:
D:5 **[*   D:7 ?


Innate Abilities, Weirdness & Mutations

You are too large for most types of armour.
You have claws for hands.
Your metabolism is lightning-fast.
You like to eat raw meat.
Your natural rate of healing is unusually fast.
You are covered in fur. (AC +1)
You have very tough skin. (AC +2)


Message History

You barely miss the killer bee.
The killer bee is heavily wounded.
The killer bee completely misses you. The killer bee stings you.
* * * LOW HITPOINT WARNING * * *
You feel better. The killer bee barely misses you. The killer bee stings you.
* * * LOW HITPOINT WARNING * * *
You closely miss the killer bee.
The killer bee is heavily wounded.
The killer bee completely misses you. The killer bee barely misses you.
You claw the killer bee!
You kill the killer bee!
You claw the killer bee!
The killer bee is almost dead.
The killer bee stings you!
* * * LOW HITPOINT WARNING * * *
The killer bee barely misses you.
You miss the killer bee.
The killer bee is almost dead.
The killer bee stings you!
You die...

#...(..........#
..# #(........ ...
#.#####(........
..#
#..............#
#.# .
#..#####.......#
#.# y.# #[##.....#
#.# #... #(# ##.#.#
#.######## #....
#†####.#.#
#.......$.
#y...y####.†.y@..#>
#.########
#...().####.#.# #.#
......###### #.#.#
#.# ..... #.#.# #.#
..#. #.#.# #.# . #
#.#.# #.#
#######.#.####.#
...............#
#######...######


You could see a killer bee.

Vanquished Creatures
  Harold (D:7)
  Erolcha (D:9)
  Grinder (D:3)
  A hippogriff (D:8)
  Sigmund (D:5)
  Eustachio (D:4)
  Menkaure (D:5)
  Duvessa (D:5)
  4 orc warriors
  2 phantoms
  2 sky beasts (D:8)
  2 ogres (D:8)
  A centaur (D:6)
  A big kobold (D:9)
  3 bullfrogs
  Blork the orc (D:6)
  Dowan (D:5)
  3 scorpions
  A water moccasin skeleton (D:7)
  16 killer bees
  3 electric eels (D:7)
  9 wights
  2 crimson imps
  A centaur zombie (D:7)
  A bullfrog zombie (D:7)
  2 hounds
  A bullfrog skeleton (D:8)
  8 orc priests
  9 orc wizards
  Ijyb (D:5)
  5 iguanas
  Terence (D:2)
  9 worker ants
  A howler monkey zombie (D:9)
  A worker ant zombie (D:7)
  Robin (D:2)
  9 gnolls
  11 adders
  A shadow imp (D:2)
  2 adder zombies
  2 worms
  A dart slug (D:1)
  5 leopard geckos
  25 orcs
  3 ball pythons
  9 bats
  7 giant cockroaches
  16 goblins
  11 hobgoblins
  6 jackals
  10 kobolds
  5 quokkas
  6 frilled lizards
  A jackal skeleton (D:7)
  A jackal zombie (D:6)
  2 leopard gecko skeletons
  2 quokka skeletons
  A quokka zombie (D:8)
  8 rats
  2 bushes (D:6)
246 creatures vanquished.

Notes
Turn   | Place    | Note
-------+----------+-------------------------------------------
     0 | D:1      | Knicklaso the Troll Warper began the quest for the Orb.
     0 | D:1      | Reached XP level 1. HP: 19/19 MP: 1/1
   144 | D:1      | Reached XP level 2. HP: 27/28 MP: 2/2
   149 | D:1      | Learned a level 2 spell: Blink
   629 | D:1      | Reached skill level 3 in Unarmed Combat
   631 | D:1      | Reached XP level 3. HP: 33/35 MP: 3/3
   884 | D:2      | Noticed Robin
   993 | D:2      | Killed Robin
   993 | D:2      | Reached XP level 4. HP: 23/42 MP: 4/4
  1077 | D:2      | Noticed Terence
  1086 | D:2      | Killed Terence
  1381 | D:2      | Found an iron altar of Okawaru.
  1385 | D:2      | Reached skill level 4 in Unarmed Combat
  1386 | D:2      | Reached XP level 5. HP: 48/50 MP: 5/5
  1671 | D:3      | Noticed Grinder
  1672 | D:3      | Paralysed by Grinder for 5 turns
  1686 | D:3      | Killed Grinder
  1686 | D:3      | Reached skill level 5 in Unarmed Combat
  1686 | D:3      | Reached XP level 6. HP: 52/61 MP: 6/6
  1725 | D:3      | Found a faded altar of an unknown god.
  1801 | D:3      | Found a white marble altar of Elyvilon.
  1802 | D:3      | Found an ancient bone altar of Kikubaaqudgha.
  1945 | D:3      | Found a glowing golden altar of the Shining One.
  2337 | D:3      | Reached XP level 7. HP: 26/67 MP: 7/7
  2702 | D:4      | Reached skill level 6 in Unarmed Combat
  2917 | D:4      | HP: 3/68 [poisoned by a scorpion]
  2923 | D:4      | HP: 3/68 [poisoned by a scorpion]
  3129 | D:4      | Noticed Eustachio
  3176 | D:4      | Killed Eustachio
  3639 | D:5      | Entered Level 5 of the Dungeon
  3657 | D:5      | Found Fiprughe's Armour Shoppe.
  3679 | D:5      | Noticed Duvessa
  3681 | D:5      | Noticed Dowan
  3689 | D:5      | Killed Duvessa
  3689 | D:5      | Reached skill level 7 in Unarmed Combat
  3689 | D:5      | Reached XP level 8. HP: 74/78 MP: 8/8
  3696 | D:5      | Found Kuotuoh's Assorted Antiques.
  3702 | D:5      | Killed Dowan
  3890 | D:5      | Found Vicroil's Gadget Emporium.
  3967 | D:5      | Found Guceusch's General Store.
  3978 | D:5      | Bought a scroll of teleportation for 39 gold pieces
  4297 | D:5      | Found Qiwk's General Store.
  4299 | D:5      | Noticed Ijyb
  4305 | D:5      | Noticed Menkaure
  4307 | D:5      | Killed Ijyb
  4312 | D:5      | Killed Menkaure
  4332 | D:5      | Bought a scroll of fear for 45 gold pieces
  4332 | D:5      | Bought a potion of heal wounds for 65 gold pieces
  4634 | D:5      | Noticed Sigmund
  4661 | D:5      | Killed Sigmund
  4661 | D:5      | Reached skill level 8 in Unarmed Combat
  4932 | D:6      | Reached skill level 5 in Fighting
  4945 | D:6      | Found a staircase to the Ecumenical Temple.
  4956 | Temple   | Entered the Ecumenical Temple
  5203 | D:6      | Noticed Blork the orc
  5210 | D:6      | Killed Blork the orc
  5232 | D:6      | Reached XP level 9. HP: 88/88 MP: 9/9
  5317 | D:6      | Reached skill level 5 in Translocations
  5480 | D:6      | Got an opalescent robe
  5481 | D:6      | Identified the +2 robe of the Bouncing Beggars {+Blink
                  | rElec rN+ Int-5} (You found it on level 6 of the Dungeon)
  5485 | D:6      | Found a blossoming altar of Fedhas.
  5840 | D:6      | Found a burning altar of Makhleb.
  5841 | D:6      | Found a sparkling altar of Nemelex Xobeh.
  5963 | D:7      | Reached skill level 9 in Unarmed Combat
  6578 | D:7      | Found Juluzeon's Magic Scroll Boutique.
  6804 | D:7      | Noticed Harold
  6821 | D:7      | Killed Harold
  6821 | D:7      | Reached skill level 10 in Unarmed Combat
  7076 | D:7      | Bought a scroll of summoning for 114 gold pieces
  7332 | D:8      | Reached XP level 10. HP: 98/98 MP: 10/10
  8269 | D:9      | Noticed Erolcha
  8430 | D:9      | Killed Erolcha
  8430 | D:9      | Reached skill level 11 in Unarmed Combat
  8560 | D:9      | Found a staircase to the Lair.
  8950 | D:9      | HP: 4/100 [killer bee (9)]
  8951 | D:9      | Mangled by a killer bee

Skill      XL: |  1  2  3  4  5  6  7  8  9 10 |
---------------+-------------------------------+-----
Fighting       | 2 3 4 5 6 |  6.9
Unarmed Combat | 3 4 5 7 8 10 11 | 11.4
Translocations | 3 4 5 6 |  6.5
Dodging        | 3 |  3.3
Throwing       | |  0.8
Spellcasting   | |  1.2

Action                   |  1- 3 |  4- 6 |  7- 9 | 10-12 || total
-------------------------+-------+-------+-------+-------++-------
Melee: Unarmed           |   130 |   154 |   478 |   233 ||   995
       Punch             |       |     5 |    14 |     9 ||    28
Throw: Stone             |       |       |       |     3 ||     3
 Cast: Blink             |       |       |     1 |     1 ||     2
  Use: Scroll            |       |       |     6 |       ||     6
       Potion            |       |       |     6 |     1 ||     7
 Stab: Distracted        |     1 |       |       |       ||     1
       Sleeping          |     1 |       |       |       ||     1
  Eat: Chunk             |    14 |     8 |    47 |    16 ||    85
Armor: Robe              |    49 |     1 |    55 |    86 ||   191
       Animal skin       |       |    60 |    75 |       ||   135
Dodge: Dodged            |    77 |    74 |   181 |   141 ||   473
